 Dungeon Sprint DCSS version 0.27.1-4-g1640c2035a (webtiles) character file.

Game seed: 4430324726262694505

221 boopmooplesden the Blocker (level 5, -5/53 HPs)
             Began as a Minotaur Fighter on Nov 4, 2021.
             Slain by a human (11 damage)
             ... in the Dungeon (Sprint III: "The Ten Rune Challenge").
             The game lasted 00:01:36 (689 turns).

boopmooplesden the Blocker (Minotaur Fighter)        Turns: 689, Time: 00:01:37

Health: -5/53      AC:  8    Str: 20    XL:     5   Next: 65%
Magic:  4/4        EV:  8    Int:  9    God:
Gold:   28         SH: 11    Dex: 11    Spells: 4/4 levels left

rFire    . . .     SeeInvis .   a - +0 war axe
rCold    . . .     Faith    .   c - +0 kite shield
rNeg     . . .     Spirit   .   b - +0 scale mail
rPois    +         Reflect  .   (helmet restricted)
rElec    .         Harm     .   (no cloak)
rCorr    .         Rampage  .   (no gloves)
Will     .....     NoTele   +   (no boots)
Stlth    ..........             (no amulet)
HPRegen  0.17/turn              (no ring)
MPRegen  0.09/turn              (no ring)

@: hasted, very quick
A: horns 2, retaliatory headbutt, clever 2, poison resistance
a: no special abilities


You were in the Dungeon.
You visited 1 branch You collected 28 gold pieces.

Inventory:

Hand Weapons
 a - a +0 war axe (weapon)
Armour
 b - a +0 scale mail (worn)
 c - a +0 kite shield (worn)
Scrolls
 j - a scroll of blinking
 k - a scroll of torment {unknown}
 l - 3 scrolls of identify
 n - a scroll of holy word {unknown}
Potions
 e - a potion of curing
 f - a potion of heal wounds
 h - 2 potions of magic
 i - a potion of berserk rage
 m - a potion of flight
 o - a potion of mutation


   Skills:
 + Level 8.0 Fighting
 + Level 6.4 Axes
 + Level 7.8 Armour
 + Level 0.4 Dodging
 + Level 0.4 Stealth
 + Level 8.6 Shields


You had 4 spell levels left.
You didn't know any spells.
Your spell library was empty.

Dungeon Overview and Level Annotations

Branches:
Dungeon (1/1)

Altars:
Okawaru
Trog
Uskayaw
Wu Jian
Beogh


Innate Abilities, Weirdness & Mutations

You have a pair of horns on your head.
You reflexively headbutt those who attack you in melee.
Your mind is very acute. (Int +4)
Your system is resistant to poisons. (rPois)


Message History

The human is moderately wounded.
You miss the human. You block the human's attack.
You hit the human.
The human is heavily wounded.
You hit the human. The human hits you but does no damage.
You block the human's attack.
You hit the human.
The human is severely wounded.
You hit the human but do no damage. You block the human's attack.
The human hits you with a +0 club.
You slash the human!
The human is almost dead.
You barely miss the human. You block the human's attack.
The human hits you but does no damage.
You barely miss the human.
The human is severely wounded.
You completely miss the human. The human barely misses you.
You furiously retaliate!
You headbutt the human!
You kill the human!
The human drinks a potion.
The human goes berserk!
Your Fighting skill gained 2 levels and is now at level 8!
Your Axes skill gained 3 levels and is now at level 6!
Your Armour skill increases to level 7!
Your Shields skill gained 2 levels and is now at level 8!
You have reached level 5!
You hit the human but do no damage. Your headbutt misses the human.
The human is moderately wounded.
The human hits you with a +0 club! x2
You miss the human.
You headbutt the human, but do no damage.
The human is moderately wounded.
You block the human's attack.
You hit the human but do no damage. Your headbutt misses the human.
The human is moderately wounded.
You block the human's attack. The human hits you with a +0 club!
* * * LOW HITPOINT WARNING * * *
You barely miss the human. You headbutt the human.
The human is moderately wounded.
The human hits you with a +0 club!
You die...

▓▓▓▓▓ ▓▓▓ ....♣♣ ♣.#
##### .....♣ ♣.# #___#
.....♣ ♣♣.# #p_.#
....≈♣♣♣♣..###+#@###+##
...≈≈.♣....#..........#
..≈≈≈≈.♣♣♣.'.⌠........#
..≈≈≈≈≈≈...#...######+#
.≈≈≈≈≈≈....#.⌠.#
.≈≈≈≈≈.....#...#
.≈≈≈.......#+###
...........#
...........#


You could see a human (berserk).

Vanquished Creatures
  A water elemental (D)
  2 humans (D)
  A phantom (D)
  An endoplasm (D)
  3 rats (D)
8 creatures vanquished.

Vanquished Creatures (others)
  A hydra (D)
  5 plants (D)
6 creatures vanquished.

Grand Total: 14 creatures vanquished

Notes
Turn   | Place    | Note
-------+----------+-------------------------------------------
     0 | D        | boopmooplesden the Minotaur Fighter began the quest for the
                  | Orb.
     0 | D        | Reached XP level 1. HP: 19/19 MP: 0/0
    39 | D        | Reached skill level 5 in Fighting
    39 | D        | Reached skill level 5 in Armour
    39 | D        | Reached skill level 5 in Shields
    39 | D        | Reached XP level 2. HP: 7/29 MP: 1/1
   143 | D        | Killed a four-headed hydra
   377 | D        | Gained mutation: You tend to lose your temper in combat.
                  | [potion of mutation]
   378 | D        | Lost mutation: You tend to lose your temper in combat.
                  | [potion of mutation]
   378 | D        | Gained mutation: You evolve. [potion of mutation]
   378 | D        | Gained mutation: You do not regenerate when monsters are
                  | visible. [potion of mutation]
   379 | D        | Lost mutation: You evolve. [potion of mutation]
   379 | D        | Lost mutation: You do not regenerate when monsters are
                  | visible. [potion of mutation]
   379 | D        | Gained mutation: You are dopey. (Int -2) [potion of
                  | mutation]
   379 | D        | Gained mutation: You expend magic power (3 MP) to
                  | strengthen your wands. [potion of mutation]
   380 | D        | Lost mutation: You are dopey. (Int -2) [potion of mutation]
   380 | D        | Lost mutation: You expend magic power (3 MP) to strengthen
                  | your wands. [potion of mutation]
   380 | D        | Gained mutation: Your spells are a little harder to cast,
                  | but a little more powerful. [potion of mutation]
   380 | D        | Gained mutation: You are clumsy. (Dex -2) [potion of
                  | mutation]
   380 | D        | Gained mutation: Your flesh is cold resistant. (rC+)
                  | [potion of mutation]
   401 | D        | Lost mutation: Your spells are a little harder to cast, but
                  | a little more powerful. [potion of mutation]
   401 | D        | Lost mutation: Your flesh is cold resistant. (rC+) [potion
                  | of mutation]
   401 | D        | Lost mutation: You are clumsy. (Dex -2) [potion of
                  | mutation]
   401 | D        | Gained mutation: Your mind is acute. (Int +2) [potion of
                  | mutation]
   401 | D        | Gained mutation: Your mind is very acute. (Int +4) [potion
                  | of mutation]
   401 | D        | Gained mutation: Your system is resistant to poisons.
                  | (rPois) [potion of mutation]
   408 | D        | Noticed a water elemental
   411 | D        | Killed a water elemental
   412 | D        | Reached XP level 3. HP: 5/38 MP: 2/2
   412 | D        | Reached XP level 4. HP: 6/45 MP: 3/3
   677 | D        | Found a hide-covered altar of Uskayaw.
   677 | D        | Found an iron altar of Okawaru.
   677 | D        | Found a bloodstained altar of Trog.
   677 | D        | Found an ornate altar of the Wu Jian Council.
   677 | D        | Noticed a human
   678 | D        | Noticed a human
   685 | D        | Killed a human
   686 | D        | Reached XP level 5. HP: 43/53 MP: 4/4
   689 | D        | Slain by a human

Illustrated notes

Levels and vault maps discovered:
D:        dungeon_sprint_mu [sprint_mu_entry_forest, sprint_mu_temple_rooms,
          sprint_mu_d1_horrors, sprint_mu_d2_genie, sprint_mu_d3_branching,
          sprint_mu_orc_legion, sprint_mu_elf_gauntlet, sprint_mu_hive_nellie,
          sprint_mu_lair_fedhas, sprint_mu_vaults_butterflies,
          sprint_mu_slime_circle, sprint_mu_swamp_cave, sprint_mu_snake_twists,
          sprint_mu_blade_basic, sprint_mu_crypt_lich, sprint_mu_tomb_spiral,
          sprint_mu_vestibule_basic, sprint_mu_gehenna_hellfire,
          sprint_mu_dis_giant, sprint_mu_tartarus_statrot,
          sprint_mu_cocytus_islands, sprint_mu_zot1]

Skill      XL: |  1  2  3  4 |
---------------+-------------+-----
Fighting       | 5 6 8 |  8.0
Armour         | 5 6 7 |  7.8
Shields        | 5 6 8 |  8.6
Axes           | 3 6 |  6.4
Dodging        | |  0.4
Stealth        | |  0.4

Action                   |  1- 3 |  4- 6 || total
-------------------------+-------+-------++-------
Melee: War axe           |    21 |    11 ||    32
       Headbutt          |     4 |     3 ||     7
  Use: Potion            |     7 |     1 ||     8
Armor: Scale mail        |     1 |     2 ||     3
Dodge: Dodged            |     9 |     1 ||    10
Block: Kite shield       |    10 |     7 ||    17
